ST. LOUIS Blues vs FLORIDA Panthers

Created - 4 février 2019 at 16:39

Goals
1 2 3 T
ST. LOUIS Blues 0 1 0 1
FLORIDA Panthers 0 2 1 3
Shots
1 2 3 T
ST. LOUIS Blues 14 14 14 42
FLORIDA Panthers 16 13 9 38

1st period

No Goal

Penalties :
Alec Martinez (FLO) for Hooking (Minor) at 8:10, P.K. Subban (STL) for Hooking (Minor) at 16:20

2nd period

1. ST. LOUIS Blues , Oscar Klefbom 8 (Anders Lee 16, Paul Stastny 19) at 8:10 (PP)
2. FLORIDA Panthers , Dion Phaneuf 7 (Alec Martinez 18, Artem Anisimov 10) at 11:10 (PP)
3. FLORIDA Panthers , Brandon Dubinsky 6 (Nick Foligno 11, Dion Phaneuf 17) at 14:01

Penalties :
Brandon Sutter (FLO) for High sticking (Minor) at 6:44, P.K. Subban (STL) for High sticking (Minor) at 9:20

3rd period

4. FLORIDA Panthers , Brandon Sutter 8 (Brandon Dubinsky 16, Evgenii Dadonov 32) at 19:57 (Empty Net)

Penalties :
Dion Phaneuf (FLO) for Hooking (Minor) at 17:18

Goalie Stats

Cam Ward (STL), 35 saves from 37 shots - (0,946), L, 17-12-7, 59:18 minutes
Craig Anderson (FLO), 41 saves from 42 shots - (0,976), W, 28-15-3, 60:00 minutes

Players Stats for ST. LOUIS Blues

Player Name              G  A  P  +/- PIM S  H  SB GA TA FO     MP     PP MP  PK MP  
------------------------------------------------------------------------------------
Alex Ovechkin            0  0  0  -1  0   2  3  0  0  0  0/2    23:51   3:07   0:25 
Anders Lee               0  1  1  -2  0   3  4  0  0  0  0/0    15:49   2:17   0:00 
Andrei Markov            0  0  0  -2  0   5  0  3  0  0  0/0    25:53   3:41   2:53 
Ben Lovejoy              0  0  0   0  0   0  2  2  0  0  0/0    20:08   0:00   1:27 
Brandon Tanev            0  0  0   0  0   2  1  0  0  0  1/1     9:28   0:00   0:00 
Claude Giroux            0  0  0  -1  0   4  1  0  0  0  23/41  23:26   3:07   0:00 
Colin Miller             0  0  0   0  0   1  2  3  0  0  0/0    16:14   1:43   2:47 
Connor Brown             0  0  0   0  0   2  0  0  0  0  0/0    12:45   2:17   2:20 
Damon Severson           0  0  0   0  0   0  0  0  0  0  0/0     0:00   0:00   0:00 
Erik Haula               0  0  0  -1  0   0  1  0  0  0  10/21  15:37   0:00   2:45 
John Moore               0  0  0   0  0   1  0  1  0  0  0/0    11:44   0:00   0:00 
Jonathan Marchessault    0  0  0   0  0   6  0  0  0  0  1/4    23:50   3:07   1:04 
Kevin Labanc             0  0  0   0  0   0  0  0  0  0  0/0     8:08   0:00   0:00 
Oscar Klefbom            1  0  1   0  0   7  1  1  0  0  0/0    21:58   1:43   0:31 
P.K. Subban              0  0  0  -2  4   2  1  0  0  0  0/0    24:01   3:41   0:00 
Paul Stastny             0  1  1  -1  0   7  0  0  0  0  16/27  23:17   2:17   0:00 
Sven Andrighetto         0  0  0   0  0   0  0  0  0  0  1/1     9:28   0:00   0:00 
Victor Rask              0  0  0   0  0   0  0  0  0  0  6/15   10:32   0:00   1:04 

Players Stats for FLORIDA Panthers

Player Name              G  A  P  +/- PIM S  H  SB GA TA FO     MP     PP MP  PK MP  
------------------------------------------------------------------------------------
Alec Martinez            0  1  1   0  2   0  2  1  0  0  0/0    22:19   1:17   1:38 
Alexander Steen          0  0  0   0  0   3  1  0  0  0  1/2    26:41   1:46   4:38 
Antoine Vermette         0  0  0   0  0   1  1  0  0  0  4/7     3:57   0:00   0:00 
Artem Anisimov           0  1  1   0  0   6  1  1  0  0  1/7    13:38   2:30   0:00 
Brandon Dubinsky         1  1  2   2  0   6  3  0  0  0  12/26  16:11   0:00   0:46 
Brandon Sutter           1  0  1   1  2   2  2  0  0  0  8/15   11:47   0:00   0:00 
Brock Nelson             0  0  0   0  0   1  0  1  0  0  0/1    11:52   0:44   0:00 
Colton Sceviour          0  0  0   0  0   1  0  0  0  0  0/0     4:43   0:00   0:46 
Dion Phaneuf             1  1  2   1  2   2  1  0  0  0  0/0    15:04   2:01   0:15 
Evgenii Dadonov          0  1  1   1  0   5  0  0  0  0  0/1    22:16   1:19   0:00 
Jay Bouwmeester          0  0  0   1  0   0  0  2  0  0  0/0    20:20   0:00   3:01 
Matt Niskanen            0  0  0   1  0   2  1  7  0  0  0/0    26:38   1:48   3:31 
Matthew Tkachuk          0  0  0   1  0   4  0  0  0  0  0/0    16:04   1:19   0:00 
Nick Foligno             0  1  1   1  0   1  2  0  0  0  2/2    17:15   2:30   0:00 
Nick Holden              0  0  0   1  0   0  1  0  0  0  0/0    12:49   0:00   0:00 
Oliver Bjorkstrand       0  0  0   0  0   0  0  0  0  0  0/0     3:57   0:00   0:00 
TJ Brodie                0  0  0   0  0   2  1  1  0  0  0/0    22:48   2:32   2:23 
Vincent Trocheck         0  0  0   0  0   2  2  2  0  0  26/51  26:14   1:19   4:38 

3 Stars

1 - Craig Anderson (FLO)
2 - Brandon Dubinsky (FLO)
3 - Cam Ward (STL)

Power Play

ST. LOUIS Blues - 1 on 3 Attempt(s) - 33,33%
FLORIDA Panthers - 1 on 2 Attempt(s) - 50,00%

Penalty Kill

ST. LOUIS Blues - 1 on 2 Attempt(s) - 50,00% - Score 0 goal in Penalty Kill
FLORIDA Panthers - 2 on 3 Attempt(s) - 66,67% - Score 0 goal in Penalty Kill

Team Stat

ST. LOUIS Blues - Hits : 16 - Faceoff Wins : 58 - Blocked Shots : 10 - Penalty Minutes : 4
FLORIDA Panthers - Hits : 18 - Faceoff Wins : 54 - Blocked Shots : 15 - Penalty Minutes : 6

Official

Referees : Unknown
Linesman : Unknown

Game Notes

Brandon Sutter has scored in a empty net!

Finance

Level 1 -- Attendance: 5600 (88,19%) -- Ticket Income 560 000 $
Level 2 -- Attendance: 4920 (94,62%) -- Ticket Income 280 440 $
Level 3 -- Attendance: 2738 (91,27%) -- Ticket Income 87 616 $
Level 4 -- Attendance: 3945 (85,76%) -- Ticket Income 78 900 $
Luxury Box -- Attendance: 972 (94,83%) -- Ticket Income 189 540 $
Game was played at the BB-T Center.
Total Attendance: 18175 (90,09%)
Total Ticket Income: 1 196 496 $
Other Income: 466 633 $
Total Income: 1 663 129 $

ST. LOUIS Blues

5 vs 5 Forward 
   Center                   Left Wing                Right Wing               Time % Phy DF OF 
 1 Claude Giroux            Alex Ovechkin            Jonathan Marchessault    40     1   2  2  
 2 Erik Haula               Paul Stastny             Anders Lee               30     1   2  2  
 3 Paul Stastny             Kevin Labanc             Connor Brown             20     1   2  2  
 4 Victor Rask              Brandon Tanev            Sven Andrighetto         10     1   3  1  

5 vs 5 Defense 
   Defense                  Defense                                           Time % Phy DF OF 
 1 P.K. Subban              Andrei Markov                                     40     1   2  2  
 2 Oscar Klefbom            Ben Lovejoy                                       35     1   2  2  
 3 Colin Miller             John Moore                                        20     1   2  2  
 4 P.K. Subban              Oscar Klefbom                                     5      1   2  2  

PowerPlay Forward 
   Center                   Left Wing                Right Wing               Time % Phy DF OF 
 1 Claude Giroux            Alex Ovechkin            Jonathan Marchessault    60     1   0  4  
 2 Paul Stastny             Connor Brown             Anders Lee               40     1   0  4  

PowerPlay Defense
   Defense                  Defense                                           Time % Phy DF OF 
 1 P.K. Subban              Andrei Markov                                     60     0   2  3  
 2 Colin Miller             Oscar Klefbom                                     40     0   2  3  

Penalty Kill 4 Players Forward 
   Center                   Wing                     Time % Phy DF OF 
 1 Erik Haula               Connor Brown             60     1   3  1  
 2 Victor Rask              Jonathan Marchessault    40     1   3  1  

Penalty Kill 4 Players Defense
   Defense                  Defense                  Time % Phy DF OF 
 1 Colin Miller             P.K. Subban              60     1   4  0  
 2 Ben Lovejoy              Andrei Markov            40     1   4  0  

Penalty Kill - 3 Players Forward 
   Forward                                           Time % Phy DF OF 
 1 Erik Haula                                        60     1   3  1  
 2 Connor Brown                                      40     1   3  1  

Penalty Kill - 3 Players Defense
   Defense                  Defense                  Time % Phy DF OF 
 1 Colin Miller             P.K. Subban              60     1   4  0  
 2 Oscar Klefbom            Ben Lovejoy              40     1   4  0  

4 vs 4 Forward 
   Center                   Wing                     Time % Phy DF OF 
 1 Claude Giroux            Alex Ovechkin            60     0   2  3  
 2 Paul Stastny             Jonathan Marchessault    40     0   2  3  

4 vs 4 Defense
   Defense                  Defense                  Time % Phy DF OF 
 1 P.K. Subban              Colin Miller             60     1   2  2  
 2 Andrei Markov            Ben Lovejoy              40     1   2  2  

Last Minutes Offensive
   Center                   Left Wing                Right Wing               Defense                  Defense                  
   Claude Giroux            Alex Ovechkin            Anders Lee               P.K. Subban              Andrei Markov            

Last Minutes Defensive
   Center                   Left Wing                Right Wing               Defense                  Defense                  
   Erik Haula               Jonathan Marchessault    Connor Brown             Oscar Klefbom            Andrei Markov            

Goaltenders
Starting : Cam Ward                 
Backup : Curtis McElhinney        

Extra Forwards
Normal : Connor Brown, Jonathan Marchessault, Erik Haula - PP : Connor Brown, Erik Haula - PK : Erik Haula
Extra Defensemen
Normal : Oscar Klefbom, Ben Lovejoy, Colin Miller - PP : Oscar Klefbom - PK : Ben Lovejoy, Colin Miller
Penalty Shots
Jonathan Marchessault, Anders Lee, Alex Ovechkin, Claude Giroux, Connor Brown

FLORIDA Panthers

5 vs 5 Forward 
   Center                   Left Wing                Right Wing               Time % Phy DF OF 
 1 Vincent Trocheck         Alexander Steen          Evgenii Dadonov          40     1   2  2  
 2 Brandon Dubinsky         Matthew Tkachuk          Nick Foligno             30     1   2  2  
 3 Brandon Sutter           Artem Anisimov           Brock Nelson             22     1   2  2  
 4 Antoine Vermette         Colton Sceviour          Oliver Bjorkstrand       8      1   2  2  

5 vs 5 Defense 
   Defense                  Defense                                           Time % Phy DF OF 
 1 Alec Martinez            Matt Niskanen                                     40     1   2  2  
 2 TJ Brodie                Jay Bouwmeester                                   30     1   2  2  
 3 Nick Holden              Dion Phaneuf                                      20     1   2  2  
 4 Matt Niskanen            TJ Brodie                                         10     1   2  2  

PowerPlay Forward 
   Center                   Left Wing                Right Wing               Time % Phy DF OF 
 1 Vincent Trocheck         Matthew Tkachuk          Evgenii Dadonov          60     1   1  3  
 2 Artem Anisimov           Alexander Steen          Nick Foligno             40     1   1  3  

PowerPlay Defense
   Defense                  Defense                                           Time % Phy DF OF 
 1 Matt Niskanen            TJ Brodie                                         60     1   1  3  
 2 Alec Martinez            Dion Phaneuf                                      40     0   1  4  

Penalty Kill 4 Players Forward 
   Center                   Wing                     Time % Phy DF OF 
 1 Vincent Trocheck         Alexander Steen          60     0   4  1  
 2 Brandon Dubinsky         Colton Sceviour          40     1   4  0  

Penalty Kill 4 Players Defense
   Defense                  Defense                  Time % Phy DF OF 
 1 Jay Bouwmeester          Matt Niskanen            60     0   5  0  
 2 TJ Brodie                Alec Martinez            40     0   5  0  

Penalty Kill - 3 Players Forward 
   Forward                                           Time % Phy DF OF 
 1 Brandon Sutter                                    60     0   5  0  
 2 Brandon Dubinsky                                  40     0   5  0  

Penalty Kill - 3 Players Defense
   Defense                  Defense                  Time % Phy DF OF 
 1 Jay Bouwmeester          Matt Niskanen            60     0   5  0  
 2 Alec Martinez            TJ Brodie                40     0   5  0  

4 vs 4 Forward 
   Center                   Wing                     Time % Phy DF OF 
 1 Brandon Dubinsky         Evgenii Dadonov          60     1   2  2  
 2 Artem Anisimov           Matthew Tkachuk          40     1   2  2  

4 vs 4 Defense
   Defense                  Defense                  Time % Phy DF OF 
 1 TJ Brodie                Matt Niskanen            60     1   2  2  
 2 Jay Bouwmeester          Alec Martinez            40     1   2  2  

Last Minutes Offensive
   Center                   Left Wing                Right Wing               Defense                  Defense                  
   Vincent Trocheck         Matthew Tkachuk          Evgenii Dadonov          TJ Brodie                Matt Niskanen            

Last Minutes Defensive
   Center                   Left Wing                Right Wing               Defense                  Defense                  
   Brandon Dubinsky         Alexander Steen          Brandon Sutter           Matt Niskanen            Jay Bouwmeester          

Goaltenders
Starting : Craig Anderson           
Backup : Darcy Kuemper            

Extra Forwards
Normal : Evgenii Dadonov, Matthew Tkachuk, Vincent Trocheck - PP : Artem Anisimov, Evgenii Dadonov - PK : Brandon Dubinsky
Extra Defensemen
Normal : Matt Niskanen, TJ Brodie, Alec Martinez - PP : TJ Brodie - PK : Alec Martinez, Matt Niskanen
Penalty Shots
Evgenii Dadonov, Vincent Trocheck, Matthew Tkachuk, Artem Anisimov, Nick Foligno


% Time on Ice - ST. LOUIS Blues

Lines # - Real PCT - Wanted PCT - Time Play
Normal Forward
1 - 39% - 40% - 19:39
2 - 26% - 30% - 12:52
3 - 16% - 20% - 8:08
4 - 19% - 10% - 9:28
Normal Defense
1 - 37% - 40% - 18:39
2 - 37% - 35% - 18:41
3 - 23% - 20% - 11:44
4 - 2% - 5% - 1:03
PP Forward
1 - 58% - 60% - 3:07
2 - 42% - 40% - 2:17
PP Defense
1 - 68% - 60% - 3:41
2 - 32% - 40% - 1:43
PK Forward
1 - 72% - 60% - 2:45
2 - 28% - 40% - 1:04
PK Defense
1 - 86% - 60% - 3:17
2 - 14% - 40% - 0:32
PK3 Forward
1 - 0% - 60%
2 - 0% - 40%
PK3 Defense
1 - 0% - 60%
2 - 0% - 40%
44 Forward
1 - 0% - 60%
2 - 0% - 40%
44 Defense
1 - 0% - 60%
2 - 0% - 40%
Last Minute Offensive  - 0:40
Last Minute Defensive  - 0:00
Total
Forward - 60:00
Defense - 60:00

% Time on Ice - FLORIDA Panthers

Lines # - Real PCT - Wanted PCT - Time Play
Normal Forward
1 - 40% - 40% - 20:17
2 - 29% - 30% - 14:45
3 - 22% - 22% - 11:08
4 - 8% - 8% - 3:57
Normal Defense
1 - 39% - 40% - 19:25
2 - 33% - 30% - 16:39
3 - 26% - 20% - 12:49
4 - 2% - 10% - 1:14
PP Forward
1 - 34% - 60% - 1:19
2 - 66% - 40% - 2:30
PP Defense
1 - 66% - 60% - 2:32
2 - 34% - 40% - 1:17
PK Forward
1 - 86% - 60% - 4:38
2 - 14% - 40% - 0:46
PK Defense
1 - 56% - 60% - 3:01
2 - 44% - 40% - 2:23
PK3 Forward
1 - 0% - 60%
2 - 0% - 40%
PK3 Defense
1 - 0% - 60%
2 - 0% - 40%
44 Forward
1 - 0% - 60%
2 - 0% - 40%
44 Defense
1 - 0% - 60%
2 - 0% - 40%
Last Minute Offensive  - 0:00
Last Minute Defensive  - 0:40
Total
Forward - 60:00
Defense - 60:00

Play-by-Play

1st period


0:01 of 1st period - Claude Giroux wins face-off versus Vincent Trocheck in neutral zone.
0:04 of 1st period - Alec Martinez is hit by Claude Giroux and loses puck.
0:13 of 1st period - Shot by Claude Giroux.
0:13 of 1st period - Shot Misses the Net.
0:15 of 1st period - Shot by Jonathan Marchessault.
0:15 of 1st period - Stopped by Craig Anderson without a rebound.
0:16 of 1st period - Erik Haula wins face-off versus Brandon Dubinsky in FLORIDA Panthers zone.
0:22 of 1st period - Icing by Nick Foligno.
0:23 of 1st period - Paul Stastny wins face-off versus Brandon Dubinsky in FLORIDA Panthers zone.
0:36 of 1st period - Shot by Paul Stastny.
0:36 of 1st period - Stopped by Craig Anderson with a rebound.
1:03 of 1st period - Icing by Colin Miller.
1:04 of 1st period - Paul Stastny wins face-off versus Brandon Sutter in ST. LOUIS Blues zone.
1:52 of 1st period - Shot by Claude Giroux.
1:52 of 1st period - Shot Blocked by Brock Nelson.
1:54 of 1st period - Shot by Claude Giroux.
1:54 of 1st period - Shot Blocked by Artem Anisimov.
1:56 of 1st period - Shot by Ben Lovejoy.
1:56 of 1st period - Shot Misses the Net.
2:49 of 1st period - Shot by Brandon Tanev.
2:49 of 1st period - Shot Blocked by Matt Niskanen.
3:29 of 1st period - Shot by Paul Stastny.
3:29 of 1st period - Stopped by Craig Anderson without a rebound.
3:30 of 1st period - Claude Giroux wins face-off versus Antoine Vermette in FLORIDA Panthers zone.
3:52 of 1st period - Shot by Claude Giroux.
3:52 of 1st period - Stopped by Craig Anderson without a rebound.
3:53 of 1st period - Brandon Dubinsky wins face-off versus Erik Haula in FLORIDA Panthers zone.
4:02 of 1st period - Anders Lee is hit by Nick Foligno and loses puck.
4:12 of 1st period - Colin Miller is hit by TJ Brodie and loses puck.
4:36 of 1st period - Shot by Paul Stastny.
4:36 of 1st period - Stopped by Craig Anderson without a rebound.
4:37 of 1st period - Antoine Vermette wins face-off versus Claude Giroux in FLORIDA Panthers zone.
4:37 of 1st period - Antoine Vermette is hit by Alex Ovechkin.
4:56 of 1st period - Shot by Antoine Vermette.
4:56 of 1st period - Stopped by Cam Ward without a rebound.
4:57 of 1st period - Vincent Trocheck wins face-off versus Victor Rask in ST. LOUIS Blues zone.
5:06 of 1st period - Shot by Vincent Trocheck.
5:06 of 1st period - Shot Misses the Net.
5:16 of 1st period - Shot by Evgenii Dadonov.
5:16 of 1st period - Stopped by Cam Ward without a rebound.
5:17 of 1st period - Nick Foligno wins face-off versus Erik Haula in ST. LOUIS Blues zone.
5:24 of 1st period - Shot by Brandon Dubinsky.
5:24 of 1st period - Stopped by Cam Ward without a rebound.
5:25 of 1st period - Vincent Trocheck wins face-off versus Jonathan Marchessault in ST. LOUIS Blues zone.
5:38 of 1st period - Shot by Jonathan Marchessault.
5:38 of 1st period - Shot Misses the Net.
5:40 of 1st period - Shot by Claude Giroux.
5:40 of 1st period - Stopped by Craig Anderson without a rebound.
5:41 of 1st period - Erik Haula wins face-off versus Brandon Dubinsky in FLORIDA Panthers zone.
5:44 of 1st period - Shot by Anders Lee.
5:44 of 1st period - Stopped by Craig Anderson with a rebound.
5:53 of 1st period - Shot by Paul Stastny.
5:53 of 1st period - Stopped by Craig Anderson without a rebound.
5:54 of 1st period - Vincent Trocheck wins face-off versus Claude Giroux in FLORIDA Panthers zone.
6:13 of 1st period - Shot by Evgenii Dadonov.
6:13 of 1st period - Shot Hit the Post.
6:37 of 1st period - Shot by Evgenii Dadonov.
6:37 of 1st period - Stopped by Cam Ward without a rebound.
6:38 of 1st period - Brandon Sutter wins face-off versus Erik Haula in ST. LOUIS Blues zone.
6:45 of 1st period - Shot by Artem Anisimov.
6:45 of 1st period - Stopped by Cam Ward without a rebound.
6:46 of 1st period - Paul Stastny wins face-off versus Brandon Dubinsky in ST. LOUIS Blues zone.
6:46 of 1st period - Paul Stastny is hit by Brandon Dubinsky.
7:03 of 1st period - Shot by Nick Foligno.
7:03 of 1st period - Shot Misses the Net.
7:05 of 1st period - Shot by Nick Foligno.
7:05 of 1st period - Deflect By Brandon Dubinsky.
7:05 of 1st period - Stopped by Cam Ward without a rebound.
7:06 of 1st period - Claude Giroux wins face-off versus Brandon Sutter in ST. LOUIS Blues zone.
7:06 of 1st period - Claude Giroux is hit by Artem Anisimov.
7:20 of 1st period - Shot by Brandon Sutter.
7:20 of 1st period - Shot Hit the Post.
7:32 of 1st period - Shot by Artem Anisimov.
7:32 of 1st period - Shot Misses the Net.
7:34 of 1st period - Shot by Artem Anisimov.
7:34 of 1st period - Stopped by Cam Ward with a rebound.
7:50 of 1st period - Shot by Brandon Sutter.
7:50 of 1st period - Shot Blocked by Andrei Markov.
7:53 of 1st period - Icing by P.K. Subban.
7:54 of 1st period - Vincent Trocheck wins face-off versus Claude Giroux in ST. LOUIS Blues zone.
7:58 of 1st period - Icing by Andrei Markov.
7:59 of 1st period - Claude Giroux wins face-off versus Vincent Trocheck in ST. LOUIS Blues zone.
8:10 of 1st period - Minor Penalty to Alec Martinez for Hooking.
8:11 of 1st period - Paul Stastny wins face-off versus Vincent Trocheck in FLORIDA Panthers zone.
8:14 of 1st period - Shot by Colin Miller.
8:14 of 1st period - Shot Misses the Net.
8:16 of 1st period - Shot by Oscar Klefbom.
8:16 of 1st period - Stopped by Craig Anderson without a rebound.
8:17 of 1st period - Vincent Trocheck wins face-off versus Paul Stastny in FLORIDA Panthers zone.
8:17 of 1st period - Jay Bouwmeester is hit by Anders Lee and loses puck.
8:28 of 1st period - Shot by Oscar Klefbom.
8:28 of 1st period - Shot Blocked by Matt Niskanen.
8:30 of 1st period - Shot by Connor Brown.
8:30 of 1st period - Shot Misses the Net.
8:32 of 1st period - Shot by Colin Miller.
8:32 of 1st period - Shot Misses the Net.
8:34 of 1st period - Shot by Oscar Klefbom.
8:34 of 1st period - Stopped by Craig Anderson without a rebound.
8:35 of 1st period - Claude Giroux wins face-off versus Vincent Trocheck in FLORIDA Panthers zone.
8:48 of 1st period - Shot by Jonathan Marchessault.
8:48 of 1st period - Shot Hit the Post.
8:50 of 1st period - Shot by Claude Giroux.
8:50 of 1st period - Deflect By Alex Ovechkin.
8:50 of 1st period - Stopped by Craig Anderson without a rebound.
8:51 of 1st period - Vincent Trocheck wins face-off versus Paul Stastny in FLORIDA Panthers zone.
9:30 of 1st period - Icing by Colin Miller.
9:31 of 1st period - Vincent Trocheck wins face-off versus Paul Stastny in ST. LOUIS Blues zone.
9:32 of 1st period - Shot by Alexander Steen.
9:32 of 1st period - Stopped by Cam Ward without a rebound.
9:33 of 1st period - Vincent Trocheck wins face-off versus Claude Giroux in ST. LOUIS Blues zone.
9:34 of 1st period - Shot by Alexander Steen.
9:34 of 1st period - Stopped by Cam Ward without a rebound.
9:35 of 1st period - Vincent Trocheck wins face-off versus Claude Giroux in ST. LOUIS Blues zone.
9:35 of 1st period - Jay Bouwmeester is hit by P.K. Subban and loses puck.
9:52 of 1st period - Shot by Alex Ovechkin.
9:52 of 1st period - Shot Blocked by Matt Niskanen.
10:04 of 1st period - Shot by P.K. Subban.
10:04 of 1st period - Shot Misses the Net.
10:06 of 1st period - Shot by P.K. Subban.
10:06 of 1st period - Shot Blocked by Jay Bouwmeester.
10:08 of 1st period - Shot by Andrei Markov.
10:08 of 1st period - Stopped by Craig Anderson without a rebound.
10:09 of 1st period - Brandon Dubinsky wins face-off versus Paul Stastny in FLORIDA Panthers zone.
10:40 of 1st period - Nick Foligno is hit by Ben Lovejoy.
11:19 of 1st period - Icing by Ben Lovejoy.
11:20 of 1st period - Vincent Trocheck wins face-off versus Erik Haula in ST. LOUIS Blues zone.
11:34 of 1st period - Icing by Ben Lovejoy.
11:35 of 1st period - Erik Haula wins face-off versus Brandon Sutter in ST. LOUIS Blues zone.
11:40 of 1st period - TJ Brodie is hit by Anders Lee and loses puck.
12:09 of 1st period - Anders Lee is hit by Brandon Sutter.
12:10 of 1st period - Icing by Anders Lee.
12:11 of 1st period - Paul Stastny wins face-off versus Vincent Trocheck in ST. LOUIS Blues zone.
12:11 of 1st period - Paul Stastny is hit by Vincent Trocheck.
12:14 of 1st period - Icing by Erik Haula.
12:15 of 1st period - Vincent Trocheck wins face-off versus Erik Haula in ST. LOUIS Blues zone.
12:15 of 1st period - Vincent Trocheck is hit by Oscar Klefbom.
12:34 of 1st period - Icing by Matt Niskanen.
12:35 of 1st period - Claude Giroux wins face-off versus Vincent Trocheck in FLORIDA Panthers zone.
12:43 of 1st period - Icing by Alexander Steen.
12:44 of 1st period - Claude Giroux wins face-off versus Vincent Trocheck in FLORIDA Panthers zone.
13:01 of 1st period - Shot by Evgenii Dadonov.
13:01 of 1st period - Stopped by Cam Ward with a rebound.
13:03 of 1st period - Shot by Alec Martinez.
13:03 of 1st period - Shot Misses the Net.
13:05 of 1st period - Shot by Alexander Steen.
13:05 of 1st period - Shot Misses the Net.
13:07 of 1st period - Shot by Matt Niskanen.
13:07 of 1st period - Stopped by Cam Ward without a rebound.
13:08 of 1st period - Brandon Tanev wins face-off versus Brandon Dubinsky in ST. LOUIS Blues zone.
13:12 of 1st period - Icing by Colin Miller.
13:13 of 1st period - Sven Andrighetto wins face-off versus Brandon Dubinsky in ST. LOUIS Blues zone.
14:16 of 1st period - Shot by Alexander Steen.
14:16 of 1st period - Stopped by Cam Ward with a rebound.
14:23 of 1st period - Icing by P.K. Subban.
14:24 of 1st period - Antoine Vermette wins face-off versus Claude Giroux in ST. LOUIS Blues zone.
14:36 of 1st period - Claude Giroux is hit by Dion Phaneuf and loses puck.
14:40 of 1st period - Icing by Antoine Vermette.
14:41 of 1st period - Antoine Vermette wins face-off versus Paul Stastny in FLORIDA Panthers zone.
15:06 of 1st period - Shot by Paul Stastny.
15:06 of 1st period - Deflect By Kevin Labanc.
15:06 of 1st period - Shot Misses the Net.
15:25 of 1st period - Connor Brown is hit by Antoine Vermette and loses puck.
15:33 of 1st period - Icing by Oscar Klefbom.
15:34 of 1st period - Paul Stastny wins face-off versus Vincent Trocheck in ST. LOUIS Blues zone.
15:36 of 1st period - Icing by Oscar Klefbom.
15:37 of 1st period - Paul Stastny wins face-off versus Evgenii Dadonov in ST. LOUIS Blues zone.
16:14 of 1st period - Shot by Vincent Trocheck.
16:14 of 1st period - Stopped by Cam Ward without a rebound.
16:15 of 1st period - Brandon Sutter wins face-off versus Claude Giroux in ST. LOUIS Blues zone.
16:20 of 1st period - Shot by Artem Anisimov.
16:20 of 1st period - Stopped by Cam Ward without a rebound.
16:20 of 1st period - Minor Penalty to P.K. Subban for Hooking.
16:21 of 1st period - Erik Haula wins face-off versus Artem Anisimov in ST. LOUIS Blues zone.
16:45 of 1st period - Icing by Alexander Steen.
16:46 of 1st period - Erik Haula wins face-off versus Artem Anisimov in FLORIDA Panthers zone.
16:57 of 1st period - Shot by Connor Brown.
16:57 of 1st period - Stopped by Craig Anderson without a rebound.
16:58 of 1st period - Erik Haula wins face-off versus Vincent Trocheck in FLORIDA Panthers zone.
17:07 of 1st period - Shot by Evgenii Dadonov.
17:07 of 1st period - Shot Blocked by Colin Miller.
17:34 of 1st period - Shot by Evgenii Dadonov.
17:34 of 1st period - Stopped by Cam Ward without a rebound.
17:35 of 1st period - Nick Foligno wins face-off versus Erik Haula in ST. LOUIS Blues zone.
17:56 of 1st period - Shot by Matt Niskanen.
17:56 of 1st period - Shot Misses the Net.
18:09 of 1st period - Icing by Alexander Steen.
18:10 of 1st period - Victor Rask wins face-off versus Artem Anisimov in FLORIDA Panthers zone.
18:11 of 1st period - Shot by Jonathan Marchessault.
18:11 of 1st period - Stopped by Craig Anderson without a rebound.
18:12 of 1st period - Erik Haula wins face-off versus Vincent Trocheck in FLORIDA Panthers zone.
18:16 of 1st period - Icing by Dion Phaneuf.
18:17 of 1st period - Erik Haula wins face-off versus Vincent Trocheck in FLORIDA Panthers zone.
18:36 of 1st period - Shot by Colton Sceviour.
18:36 of 1st period - Stopped by Cam Ward without a rebound.
18:37 of 1st period - Vincent Trocheck wins face-off versus Erik Haula in ST. LOUIS Blues zone.
19:05 of 1st period - Shot by Paul Stastny.
19:05 of 1st period - Deflect By Anders Lee.
19:05 of 1st period - Shot Misses the Net.
19:21 of 1st period - Shot by Vincent Trocheck.
19:21 of 1st period - Deflect By Evgenii Dadonov.
19:21 of 1st period - Shot Misses the Net.
19:53 of 1st period - Icing by P.K. Subban.
19:54 of 1st period - Brandon Sutter wins face-off versus Jonathan Marchessault in ST. LOUIS Blues zone.
Goals for this period are 0 for ST. LOUIS Blues vs 0 for FLORIDA Panthers.
Shots for this period are 14 for ST. LOUIS Blues vs 16 for FLORIDA Panthers.

2nd period


0:01 of 2nd period - Jonathan Marchessault wins face-off versus Vincent Trocheck in neutral zone.
0:10 of 2nd period - Jonathan Marchessault is hit by Vincent Trocheck and loses puck.
1:03 of 2nd period - Shot by Connor Brown.
1:03 of 2nd period - Stopped by Craig Anderson without a rebound.
1:04 of 2nd period - Brandon Dubinsky wins face-off versus Erik Haula in FLORIDA Panthers zone.
1:04 of 2nd period - Brandon Dubinsky is hit by Anders Lee.
1:33 of 2nd period - Shot by Paul Stastny.
1:33 of 2nd period - Shot Misses the Net.
1:41 of 2nd period - Oscar Klefbom is hit by Nick Foligno and loses puck.
2:00 of 2nd period - Shot by Victor Rask.
2:00 of 2nd period - Shot Hit the Post.
2:50 of 2nd period - Icing by Brandon Sutter.
2:51 of 2nd period - Claude Giroux wins face-off versus Artem Anisimov in FLORIDA Panthers zone.
3:04 of 2nd period - Shot by Claude Giroux.
3:04 of 2nd period - Shot Misses the Net.
3:06 of 2nd period - Shot by Jonathan Marchessault.
3:06 of 2nd period - Stopped by Craig Anderson with a rebound.
3:08 of 2nd period - Shot by Jonathan Marchessault.
3:08 of 2nd period - Stopped by Craig Anderson without a rebound.
3:09 of 2nd period - Paul Stastny wins face-off versus Vincent Trocheck in FLORIDA Panthers zone.
3:28 of 2nd period - Shot by Paul Stastny.
3:28 of 2nd period - Shot Blocked by Matt Niskanen.
3:42 of 2nd period - Shot by Paul Stastny.
3:42 of 2nd period - Stopped by Craig Anderson without a rebound.
3:43 of 2nd period - Claude Giroux wins face-off versus Brandon Sutter in FLORIDA Panthers zone.
4:38 of 2nd period - Icing by Andrei Markov.
4:39 of 2nd period - Claude Giroux wins face-off versus Vincent Trocheck in ST. LOUIS Blues zone.
5:22 of 2nd period - Icing by Matt Niskanen.
5:23 of 2nd period - Vincent Trocheck wins face-off versus Victor Rask in FLORIDA Panthers zone.
5:36 of 2nd period - Icing by John Moore.
5:37 of 2nd period - Victor Rask wins face-off versus Brandon Dubinsky in ST. LOUIS Blues zone.
5:42 of 2nd period - Shot by John Moore.
5:42 of 2nd period - Shot Misses the Net.
6:12 of 2nd period - Shot by Brandon Tanev.
6:12 of 2nd period - Stopped by Craig Anderson with a rebound.
6:20 of 2nd period - Victor Rask is hit by Brandon Dubinsky and loses puck.
6:44 of 2nd period - Minor Penalty to Brandon Sutter for High sticking.
6:45 of 2nd period - Vincent Trocheck wins face-off versus Claude Giroux in FLORIDA Panthers zone.
7:02 of 2nd period - Shot by Claude Giroux.
7:02 of 2nd period - Stopped by Craig Anderson without a rebound.
7:03 of 2nd period - Paul Stastny wins face-off versus Vincent Trocheck in FLORIDA Panthers zone.
7:06 of 2nd period - Shot by Andrei Markov.
7:06 of 2nd period - Shot Blocked by Vincent Trocheck.
7:08 of 2nd period - Shot by Paul Stastny.
7:08 of 2nd period - Shot Misses the Net.
7:10 of 2nd period - Shot by Andrei Markov.
7:10 of 2nd period - Shot Blocked by TJ Brodie.
7:12 of 2nd period - Shot by Paul Stastny.
7:12 of 2nd period - Stopped by Craig Anderson with a rebound.
7:14 of 2nd period - Shot by P.K. Subban.
7:14 of 2nd period - Stopped by Craig Anderson without a rebound.
7:15 of 2nd period - Alexander Steen wins face-off versus Alex Ovechkin in FLORIDA Panthers zone.
7:26 of 2nd period - Shot by Andrei Markov.
7:26 of 2nd period - Shot Misses the Net.
7:46 of 2nd period - Icing by Andrei Markov.
7:47 of 2nd period - Claude Giroux wins face-off versus Brandon Dubinsky in ST. LOUIS Blues zone.
7:58 of 2nd period - Shot by Alex Ovechkin.
7:58 of 2nd period - Stopped by Craig Anderson without a rebound.
7:59 of 2nd period - Vincent Trocheck wins face-off versus Paul Stastny in FLORIDA Panthers zone.
8:08 of 2nd period - Shot by Paul Stastny.
8:08 of 2nd period - Deflect By Anders Lee.
8:08 of 2nd period - Shot Blocked by Alec Martinez.
8:10 of 2nd period - Shot by Oscar Klefbom.
8:10 of 2nd period - Goal by Oscar Klefbom - ST. LOUIS Blues : 1 - FLORIDA Panthers : 0.
8:11 of 2nd period - Victor Rask wins face-off versus Brandon Dubinsky in neutral zone.
8:18 of 2nd period - Shot by Brandon Tanev.
8:18 of 2nd period - Stopped by Craig Anderson without a rebound.
8:19 of 2nd period - Vincent Trocheck wins face-off versus Claude Giroux in FLORIDA Panthers zone.
9:20 of 2nd period - Minor Penalty to P.K. Subban for High sticking.
9:21 of 2nd period - Erik Haula wins face-off versus Artem Anisimov in ST. LOUIS Blues zone.
9:48 of 2nd period - Shot by TJ Brodie.
9:48 of 2nd period - Shot Blocked by Andrei Markov.
9:54 of 2nd period - Shot by TJ Brodie.
9:54 of 2nd period - Stopped by Cam Ward with a rebound.
9:56 of 2nd period - Shot by TJ Brodie.
9:56 of 2nd period - Shot Misses the Net.
9:58 of 2nd period - Shot by TJ Brodie.
9:58 of 2nd period - Shot Misses the Net.
10:02 of 2nd period - Shot by Nick Foligno.
10:02 of 2nd period - Shot Misses the Net.
10:04 of 2nd period - Shot by TJ Brodie.
10:04 of 2nd period - Stopped by Cam Ward without a rebound.
10:05 of 2nd period - Vincent Trocheck wins face-off versus Victor Rask in ST. LOUIS Blues zone.
10:50 of 2nd period - Shot by Artem Anisimov.
10:50 of 2nd period - Stopped by Cam Ward without a rebound.
10:51 of 2nd period - Victor Rask wins face-off versus Artem Anisimov in ST. LOUIS Blues zone.
11:06 of 2nd period - Shot by Artem Anisimov.
11:06 of 2nd period - Shot Blocked by Oscar Klefbom.
11:08 of 2nd period - Shot by Alec Martinez.
11:08 of 2nd period - Shot Blocked by Colin Miller.
11:10 of 2nd period - Shot by Dion Phaneuf.
11:10 of 2nd period - Goal by Dion Phaneuf - ST. LOUIS Blues : 1 - FLORIDA Panthers : 1.
11:11 of 2nd period - Antoine Vermette wins face-off versus Alex Ovechkin in neutral zone.
11:20 of 2nd period - Shot by Claude Giroux.
11:20 of 2nd period - Shot Misses the Net.
12:13 of 2nd period - Icing by TJ Brodie.
12:14 of 2nd period - Erik Haula wins face-off versus Antoine Vermette in FLORIDA Panthers zone.
12:36 of 2nd period - Shot by Paul Stastny.
12:36 of 2nd period - Shot Blocked by Jay Bouwmeester.
13:40 of 2nd period - Andrei Markov is hit by Alec Martinez and loses puck.
13:59 of 2nd period - Shot by Nick Foligno.
13:59 of 2nd period - Stopped by Cam Ward with a rebound.
14:01 of 2nd period - Shot by Brandon Dubinsky.
14:01 of 2nd period - Goal by Brandon Dubinsky - ST. LOUIS Blues : 1 - FLORIDA Panthers : 2.
14:02 of 2nd period - Claude Giroux wins face-off versus Brandon Sutter in neutral zone.
14:21 of 2nd period - Shot by Brock Nelson.
14:21 of 2nd period - Shot Misses the Net.
14:23 of 2nd period - Shot by Brock Nelson.
14:23 of 2nd period - Stopped by Cam Ward without a rebound.
14:24 of 2nd period - Brandon Dubinsky wins face-off versus Victor Rask in ST. LOUIS Blues zone.
14:31 of 2nd period - Shot by Alec Martinez.
14:31 of 2nd period - Shot Misses the Net.
14:33 of 2nd period - Shot by Matthew Tkachuk.
14:33 of 2nd period - Shot Blocked by Colin Miller.
14:35 of 2nd period - Shot by Matthew Tkachuk.
14:35 of 2nd period - Stopped by Cam Ward without a rebound.
14:36 of 2nd period - Claude Giroux wins face-off versus Vincent Trocheck in ST. LOUIS Blues zone.
14:44 of 2nd period - Icing by Oscar Klefbom.
14:45 of 2nd period - Claude Giroux wins face-off versus Brandon Dubinsky in ST. LOUIS Blues zone.
14:45 of 2nd period - Claude Giroux is hit by Brandon Dubinsky.
14:53 of 2nd period - Shot by Oscar Klefbom.
14:53 of 2nd period - Stopped by Craig Anderson without a rebound.
14:54 of 2nd period - Claude Giroux wins face-off versus Brandon Dubinsky in FLORIDA Panthers zone.
14:56 of 2nd period - Alex Ovechkin is hit by Matt Niskanen and loses puck.
15:10 of 2nd period - Shot by Matthew Tkachuk.
15:10 of 2nd period - Stopped by Cam Ward without a rebound.
15:11 of 2nd period - Vincent Trocheck wins face-off versus Victor Rask in ST. LOUIS Blues zone.
15:14 of 2nd period - Shot by Vincent Trocheck.
15:14 of 2nd period - Stopped by Cam Ward without a rebound.
15:15 of 2nd period - Claude Giroux wins face-off versus Vincent Trocheck in ST. LOUIS Blues zone.
15:17 of 2nd period - Icing by Jonathan Marchessault.
15:18 of 2nd period - Claude Giroux wins face-off versus Alexander Steen in ST. LOUIS Blues zone.
15:35 of 2nd period - Shot by Claude Giroux.
15:35 of 2nd period - Stopped by Craig Anderson without a rebound.
15:36 of 2nd period - Brandon Dubinsky wins face-off versus Paul Stastny in FLORIDA Panthers zone.
16:16 of 2nd period - Shot by Brandon Dubinsky.
16:16 of 2nd period - Stopped by Cam Ward with a rebound.
16:38 of 2nd period - Off-side.
16:39 of 2nd period - Brandon Sutter wins face-off versus Claude Giroux in neutral zone.
16:46 of 2nd period - Shot by Nick Holden.
16:46 of 2nd period - Shot Misses the Net.
16:48 of 2nd period - Shot by Brock Nelson.
16:48 of 2nd period - Shot Blocked by Ben Lovejoy.
16:50 of 2nd period - Shot by Dion Phaneuf.
16:50 of 2nd period - Shot Misses the Net.
16:52 of 2nd period - Shot by Dion Phaneuf.
16:52 of 2nd period - Stopped by Cam Ward without a rebound.
16:53 of 2nd period - Vincent Trocheck wins face-off versus Victor Rask in ST. LOUIS Blues zone.
16:55 of 2nd period - Evgenii Dadonov is hit by Colin Miller and loses puck.
17:45 of 2nd period - Shot by Jonathan Marchessault.
17:45 of 2nd period - Shot Misses the Net.
17:51 of 2nd period - Shot by Claude Giroux.
17:51 of 2nd period - Shot Blocked by Matt Niskanen.
17:53 of 2nd period - Shot by Jonathan Marchessault.
17:53 of 2nd period - Stopped by Craig Anderson without a rebound.
17:54 of 2nd period - Brandon Sutter wins face-off versus Erik Haula in FLORIDA Panthers zone.
18:03 of 2nd period - Shot by Erik Haula.
18:03 of 2nd period - Shot Misses the Net.
18:31 of 2nd period - Shot by Artem Anisimov.
18:31 of 2nd period - Stopped by Cam Ward without a rebound.
18:32 of 2nd period - Brandon Dubinsky wins face-off versus Claude Giroux in ST. LOUIS Blues zone.
18:33 of 2nd period - Shot by Nick Foligno.
18:33 of 2nd period - Deflect By Matthew Tkachuk.
18:33 of 2nd period - Shot Misses the Net.
19:16 of 2nd period - Claude Giroux is hit by Nick Holden and loses puck.
19:47 of 2nd period - Shot by Kevin Labanc.
19:47 of 2nd period - Shot Misses the Net.
Goals for this period are 1 for ST. LOUIS Blues vs 2 for FLORIDA Panthers.
Shots for this period are 14 for ST. LOUIS Blues vs 13 for FLORIDA Panthers.

3rd period


0:01 of 3rd period - Vincent Trocheck wins face-off versus Claude Giroux in neutral zone.
0:25 of 3rd period - Shot by Claude Giroux.
0:25 of 3rd period - Shot Misses the Net.
0:27 of 3rd period - Shot by Andrei Markov.
0:27 of 3rd period - Stopped by Craig Anderson without a rebound.
0:28 of 3rd period - Artem Anisimov wins face-off versus Erik Haula in FLORIDA Panthers zone.
0:59 of 3rd period - Shot by Anders Lee.
0:59 of 3rd period - Stopped by Craig Anderson without a rebound.
1:00 of 3rd period - Vincent Trocheck wins face-off versus Jonathan Marchessault in FLORIDA Panthers zone.
1:09 of 3rd period - Shot by Jonathan Marchessault.
1:09 of 3rd period - Stopped by Craig Anderson without a rebound.
1:10 of 3rd period - Brandon Dubinsky wins face-off versus Claude Giroux in FLORIDA Panthers zone.
1:10 of 3rd period - Brandon Dubinsky is hit by Alex Ovechkin.
2:21 of 3rd period - Shot by Anders Lee.
2:21 of 3rd period - Stopped by Craig Anderson without a rebound.
2:22 of 3rd period - Paul Stastny wins face-off versus Vincent Trocheck in FLORIDA Panthers zone.
2:37 of 3rd period - Shot by Oscar Klefbom.
2:37 of 3rd period - Stopped by Craig Anderson without a rebound.
2:38 of 3rd period - Brandon Sutter wins face-off versus Victor Rask in FLORIDA Panthers zone.
2:46 of 3rd period - Shot by Victor Rask.
2:46 of 3rd period - Shot Misses the Net.
2:48 of 3rd period - Shot by Colin Miller.
2:48 of 3rd period - Stopped by Craig Anderson without a rebound.
2:49 of 3rd period - Vincent Trocheck wins face-off versus Paul Stastny in FLORIDA Panthers zone.
2:56 of 3rd period - Shot by Vincent Trocheck.
2:56 of 3rd period - Shot Misses the Net.
3:14 of 3rd period - Shot by Alexander Steen.
3:14 of 3rd period - Shot Misses the Net.
3:16 of 3rd period - Shot by Vincent Trocheck.
3:16 of 3rd period - Shot Misses the Net.
3:18 of 3rd period - Shot by Alexander Steen.
3:18 of 3rd period - Shot Blocked by Ben Lovejoy.
4:03 of 3rd period - Icing by Andrei Markov.
4:04 of 3rd period - Claude Giroux wins face-off versus Brandon Dubinsky in ST. LOUIS Blues zone.
4:18 of 3rd period - Off-side.
4:19 of 3rd period - Brandon Sutter wins face-off versus Victor Rask in neutral zone.
4:29 of 3rd period - Brock Nelson is hit by Colin Miller and loses puck.
4:32 of 3rd period - Shot by Artem Anisimov.
4:32 of 3rd period - Shot Misses the Net.
4:34 of 3rd period - Shot by Brandon Sutter.
4:34 of 3rd period - Shot Misses the Net.
4:44 of 3rd period - Shot by Brandon Sutter.
4:44 of 3rd period - Shot Blocked by John Moore.
4:46 of 3rd period - Shot by Artem Anisimov.
4:46 of 3rd period - Stopped by Cam Ward without a rebound.
4:47 of 3rd period - Vincent Trocheck wins face-off versus Claude Giroux in ST. LOUIS Blues zone.
4:53 of 3rd period - Icing by Andrei Markov.
4:54 of 3rd period - Vincent Trocheck wins face-off versus Claude Giroux in ST. LOUIS Blues zone.
5:05 of 3rd period - Shot by Evgenii Dadonov.
5:05 of 3rd period - Shot Misses the Net.
5:53 of 3rd period - Shot by Matthew Tkachuk.
5:53 of 3rd period - Stopped by Cam Ward without a rebound.
5:54 of 3rd period - Paul Stastny wins face-off versus Brandon Sutter in ST. LOUIS Blues zone.
6:01 of 3rd period - Shot by Kevin Labanc.
6:01 of 3rd period - Shot Misses the Net.
6:21 of 3rd period - Shot by Brandon Sutter.
6:21 of 3rd period - Shot Misses the Net.
6:27 of 3rd period - Shot by Oscar Klefbom.
6:27 of 3rd period - Stopped by Craig Anderson without a rebound.
6:28 of 3rd period - Brandon Dubinsky wins face-off versus Victor Rask in FLORIDA Panthers zone.
6:43 of 3rd period - Shot by Matthew Tkachuk.
6:43 of 3rd period - Stopped by Cam Ward without a rebound.
6:44 of 3rd period - Paul Stastny wins face-off versus Vincent Trocheck in ST. LOUIS Blues zone.
6:51 of 3rd period - Paul Stastny is hit by Alexander Steen and loses puck.
7:00 of 3rd period - Shot by Vincent Trocheck.
7:00 of 3rd period - Shot Hit the Post.
7:26 of 3rd period - Evgenii Dadonov is hit by Erik Haula and loses puck.
7:57 of 3rd period - Icing by Oscar Klefbom.
7:58 of 3rd period - Claude Giroux wins face-off versus Brandon Dubinsky in ST. LOUIS Blues zone.
8:19 of 3rd period - Shot by Brandon Dubinsky.
8:19 of 3rd period - Shot Misses the Net.
8:59 of 3rd period - Shot by Sven Andrighetto.
8:59 of 3rd period - Shot Misses the Net.
9:01 of 3rd period - Shot by John Moore.
9:01 of 3rd period - Stopped by Craig Anderson without a rebound.
9:02 of 3rd period - Paul Stastny wins face-off versus Brock Nelson in FLORIDA Panthers zone.
9:05 of 3rd period - Shot by Paul Stastny.
9:05 of 3rd period - Shot Misses the Net.
9:23 of 3rd period - Shot by Brandon Sutter.
9:23 of 3rd period - Shot Misses the Net.
10:32 of 3rd period - Shot by Alexander Steen.
10:32 of 3rd period - Deflect By Evgenii Dadonov.
10:32 of 3rd period - Stopped by Cam Ward without a rebound.
10:33 of 3rd period - Brandon Dubinsky wins face-off versus Claude Giroux in ST. LOUIS Blues zone.
11:19 of 3rd period - Matthew Tkachuk is hit by Ben Lovejoy and loses puck.
11:23 of 3rd period - Icing by Ben Lovejoy.
11:24 of 3rd period - Vincent Trocheck wins face-off versus Claude Giroux in ST. LOUIS Blues zone.
11:53 of 3rd period - Shot by Victor Rask.
11:53 of 3rd period - Shot Misses the Net.
12:16 of 3rd period - Icing by Colin Miller.
12:17 of 3rd period - Victor Rask wins face-off versus Brandon Sutter in ST. LOUIS Blues zone.
12:17 of 3rd period - Victor Rask is hit by Brandon Sutter.
12:52 of 3rd period - Shot by Brock Nelson.
12:52 of 3rd period - Shot Misses the Net.
13:19 of 3rd period - Matthew Tkachuk is hit by Anders Lee.
13:33 of 3rd period - Shot by Nick Foligno.
13:33 of 3rd period - Shot Hit the Post.
13:41 of 3rd period - Shot by Matt Niskanen.
13:41 of 3rd period - Stopped by Cam Ward without a rebound.
13:42 of 3rd period - Claude Giroux wins face-off versus Vincent Trocheck in ST. LOUIS Blues zone.
14:17 of 3rd period - Shot by Alexander Steen.
14:17 of 3rd period - Shot Misses the Net.
14:53 of 3rd period - Shot by Brandon Sutter.
14:53 of 3rd period - Stopped by Cam Ward without a rebound.
14:54 of 3rd period - Brandon Dubinsky wins face-off versus Paul Stastny in ST. LOUIS Blues zone.
15:00 of 3rd period - Icing by P.K. Subban.
15:01 of 3rd period - Brandon Dubinsky wins face-off versus Paul Stastny in ST. LOUIS Blues zone.
15:15 of 3rd period - Shot by Brandon Dubinsky.
15:15 of 3rd period - Stopped by Cam Ward without a rebound.
15:16 of 3rd period - Victor Rask wins face-off versus Vincent Trocheck in ST. LOUIS Blues zone.
15:52 of 3rd period - TJ Brodie is hit by Brandon Tanev and loses puck.
16:14 of 3rd period - Icing by Matthew Tkachuk.
16:15 of 3rd period - Brandon Dubinsky wins face-off versus Erik Haula in FLORIDA Panthers zone.
16:34 of 3rd period - Shot by Brandon Dubinsky.
16:34 of 3rd period - Stopped by Cam Ward without a rebound.
16:35 of 3rd period - Brandon Sutter wins face-off versus Claude Giroux in ST. LOUIS Blues zone.
17:04 of 3rd period - Nick Holden is hit by Alex Ovechkin and loses puck.
17:18 of 3rd period - Minor Penalty to Dion Phaneuf for Hooking.
17:19 of 3rd period - Paul Stastny wins face-off versus Vincent Trocheck in FLORIDA Panthers zone.
17:20 of 3rd period - Shot by P.K. Subban.
17:20 of 3rd period - Shot Blocked by Matt Niskanen.
17:22 of 3rd period - Shot by Paul Stastny.
17:22 of 3rd period - Deflect By Anders Lee.
17:22 of 3rd period - Shot Blocked by Matt Niskanen.
17:24 of 3rd period - Shot by Andrei Markov.
17:24 of 3rd period - Shot Misses the Net.
17:26 of 3rd period - Shot by Andrei Markov.
17:26 of 3rd period - Stopped by Craig Anderson without a rebound.
17:27 of 3rd period - Paul Stastny wins face-off versus Vincent Trocheck in FLORIDA Panthers zone.
17:40 of 3rd period - Shot by Paul Stastny.
17:40 of 3rd period - Stopped by Craig Anderson without a rebound.
17:41 of 3rd period - Claude Giroux wins face-off versus Vincent Trocheck in FLORIDA Panthers zone.
17:41 of 3rd period - Claude Giroux is hit by Alec Martinez.
18:07 of 3rd period - Shot by Jonathan Marchessault.
18:07 of 3rd period - Shot Blocked by Vincent Trocheck.
18:09 of 3rd period - Shot by Andrei Markov.
18:09 of 3rd period - Stopped by Craig Anderson without a rebound.
18:10 of 3rd period - Vincent Trocheck wins face-off versus Paul Stastny in FLORIDA Panthers zone.
18:33 of 3rd period - Shot by Oscar Klefbom.
18:33 of 3rd period - Stopped by Craig Anderson without a rebound.
18:34 of 3rd period - Claude Giroux wins face-off versus Brandon Dubinsky in FLORIDA Panthers zone.
18:35 of 3rd period - Shot by P.K. Subban.
18:35 of 3rd period - Stopped by Craig Anderson without a rebound.
18:36 of 3rd period - Claude Giroux wins face-off versus Vincent Trocheck in FLORIDA Panthers zone.
18:49 of 3rd period - Shot by Jonathan Marchessault.
18:49 of 3rd period - Shot Misses the Net.
18:51 of 3rd period - Shot by Andrei Markov.
18:51 of 3rd period - Stopped by Craig Anderson with a rebound.
19:15 of 3rd period - ST. LOUIS Blues, Cam Ward is pulled from the net.
19:29 of 3rd period - Shot by Claude Giroux.
19:29 of 3rd period - Shot Misses the Net.
19:53 of 3rd period - Shot by Evgenii Dadonov.
19:53 of 3rd period - Shot Misses the Net.
19:55 of 3rd period - Shot by Brandon Dubinsky.
19:55 of 3rd period - Shot Blocked by Andrei Markov.
19:57 of 3rd period - Shot by Brandon Sutter.
19:57 of 3rd period - Goal by Brandon Sutter - ST. LOUIS Blues : 1 - FLORIDA Panthers : 3.
19:57 of 3rd period - Cam Ward from ST. LOUIS Blues was sent back in the game.
19:58 of 3rd period - Paul Stastny wins face-off versus Antoine Vermette in neutral zone.
Goals for this period are 0 for ST. LOUIS Blues vs 1 for FLORIDA Panthers.
Shots for this period are 14 for ST. LOUIS Blues vs 9 for FLORIDA Panthers.